 Dungeon Crawl Stone Soup version 0.19-a0-1886-gd64a0f0 (console) character file.

5200 brucemayne the Severer (level 10, -6/124 HPs)
             Began as a Hill Orc Monk on Oct 15, 2016.
             Was a Believer of Makhleb.
             Killed from afar by Fannar (43 damage)
             ... with a bolt of cold
             ... on level 10 of the Dungeon.
             The game lasted 00:24:17 (5578 turns).

brucemayne the Severer (Hill Orc Monk)              Turns: 5578, Time: 00:24:18

Health: -6/124     AC: 12    Str: 23    XL:     10   Next: 60%
Magic:  10/10      EV: 11    Int: 10    God:    Makhleb [**....]
Gold:   387        SH:  0    Dex: 13    Spells: 0 memorised, 9 levels left

rFire  . . .     SeeInvis .     a - +0 hand axe
rCold  . . .     Gourm    .     j - +0 chain mail
rNeg   . . .     Faith    .     (no shield)
rPois  .         Spirit   .     (no helmet)
rElec  .         Dismiss  .     (no cloak)
rCorr  .         Reflect  .     H - +2 pair of gloves
MR     .....     Harm     .     W - +0 pair of boots
Stlth  ..........               i - amulet of rage
                                p - +2 ring of evasion
                                P - +4 ring of protection

@: berserking, corroded, very quick
A: no striking features
a: Minor Destruction, Renounce Religion, Evoke Berserk Rage


You were on level 10 of the Dungeon.
You worshipped Makhleb.
Makhleb was pleased with you.
You were hungry.

You visited 2 branches of the dungeon, and saw 12 of its levels.
You also visited: Labyrinth and Sewer.

You collected 387 gold pieces.

Inventory:

Hand Weapons
 a - a +0 hand axe (weapon)
 F - a +2 quarterstaff of protection
Missiles
 f - 3 tomahawks (quivered)
 k - 5 curare-tipped needles
 n - 12 poisoned needles
Armour
 b - a +0 robe
 j - a +0 chain mail (worn)
 o - a +1 pair of gloves
 x - a +0 ring mail
 y - a +0 chain mail
 D - a +0 chain mail
 H - a +2 pair of gloves (worn)
 W - a +0 pair of boots (worn)
Jewellery
 i - an amulet of rage (around neck)
 p - a +2 ring of evasion (right hand)
 s - the amulet of Entrepreneurial Spirit {Reflect rPois SH+3}
   (You found it on level 4 of the Dungeon)

   [amulet of reflection]

   It shields you and reflects attacks.
   It protects you from poison.
   It affects your SH (+3).
 O - an uncursed ring of resist corrosion
 P - a +4 ring of protection (left hand)
 Q - an uncursed ring of stealth
 S - an uncursed ring of wizardry
Wands
 m - a wand of heal wounds (5/9)
 t - a wand of lightning (0/15)
 I - a wand of lightning (7/15)
 K - a wand of random effects (31/48)
 L - a wand of digging (18/24)
 M - a wand of enslavement (15/24)
 T - a wand of flame (32/48)
 U - a wand of disintegration (17/24)
 V - a wand of random effects (27/48)
Scrolls
 e - a scroll of torment
 l - 6 scrolls of remove curse
 q - 2 scrolls of immolation
 r - a scroll of identify
Potions
 d - 3 potions of curing
 g - a potion of invisibility
 h - a potion of haste {unknown}
 u - 2 potions of lignification {unknown}
 v - 3 potions of might {unknown}
 A - 2 potions of cancellation {unknown}
 B - a potion of resistance {unknown}
 E - a potion of flight {unknown}
Books
 w - a book of Misfortune

   Spells                             Type                      Level
   a - Confusing Touch                Hexes                        1
   b - Confuse                        Hexes                        3
   c - Gell's Gravitas                Hexes/Translocation          3
   d - Petrify                        Transmutation/Earth          4
   e - Metabolic Englaciation         Hexes/Ice                    5
   f - Yara's Violent Unravelling     Hexes/Transmutation          5
 G - a book of Misfortune

   Spells                             Type                      Level
   a - Confusing Touch                Hexes                        1
   b - Confuse                        Hexes                        3
   c - Gell's Gravitas                Hexes/Translocation          3
   d - Petrify                        Transmutation/Earth          4
   e - Metabolic Englaciation         Hexes/Ice                    5
   f - Yara's Violent Unravelling     Hexes/Transmutation          5
Comestibles
 c - a fruit
 z - 2 meat rations
 C - a bread ration
 J - a royal jelly
 N - a slice of pizza
 R - 4 chunks of flesh


   Skills:
 - Level 6.0 Fighting
 + Level 18.0 Axes
 - Level 2.4 Dodging
 - Level 1.5 Stealth


You had 9 spell levels left.
You didn't know any spells.

Dungeon Overview and Level Annotations

Branches:
Dungeon (11/15)            Temple (1/1) D:5            Lair (0/6) D:11
    Orc: D:9-12

Altars:
Ashenzari
Cheibriados
Dithmenos
Elyvilon
Fedhas
Gozag
Hepliaklqana
Kikubaaqudgha
Makhleb
Nemelex Xobeh
Okawaru
Qazlal
Ru
Sif Muna
Trog
Uskayaw
Vehumet
Xom
Yredelemnul
Zin
The Shining One

Annotations:
D:3 kae's ghost, amateur HEGl
D:6 exclusion: downstairs
D:10 Fannar


Message History

The brown ugly thing gores you. The acid corrodes you!
You are splashed with acid!
The acid burns!
* * * LOW HITPOINT WARNING * * *
You hit the wight but do no damage. You slash the orc wizard!
You slash the brown ugly thing! You completely miss the ogre.
The wight misses you.
The orc wizard hits you but does no damage.
Unknown command.
You hit the ogre.
The ogre is lightly wounded.
You closely miss the brown ugly thing. You hit the orc wizard.
You hit the wight.
Unknown command.
You hit the ogre.
The ogre is moderately wounded.
You barely miss the wight. You hit the orc wizard.
You closely miss the brown ugly thing. Fannar casts a spell at you.
The bolt of cold hits the wight.
The wight resists.
The bolt of cold hits you!
You die...

##O# #.## #.. #.#
#.. #)## #..#
#..# ##...#
##.######...#
#....#......##
#..#....oou...##
#..###...zz@....#
#..#
#...eO§......#
#..#
#.............
#.##
##............ .#
#.............
##........5...
#............
##...........
#.........


You could see Fannar, a brown ugly thing, an ogre, 2 wights, an orc wizard, a
crimson imp and an orc.

Vanquished Creatures
  A minotaur (Lab)
  Joseph (D:7)
  A hippogriff (D:11)
  2 redbacks (Lab)
  The ghost of brucemayne the Cleaver, an amateur HOMo (D:6)
  An orc warrior (D:11)
  A water moccasin (D:11)
  4 porcupines (D:11)
  3 phantoms
  A black bear (D:7)
  An eye of draining (D:8)
  2 ogres (D:8)
  A centaur (D:5)
  4 crocodiles
  Blork the orc (D:6)
  A big kobold (D:7)
  4 bullfrogs
  A water moccasin skeleton (D:7)
  A scorpion (D:8)
  A killer bee (D:6)
  6 wights
  4 crimson imps
  A quasit (D:11)
  4 orc wizards
  8 iguanas (D:11)
  6 worker ants
  A hound zombie (D:5)
  A hound skeleton (D:5)
  14 adders
  5 gnolls
  3 river rats (D:11)
  3 shadow imps
  An adder zombie (D:7)
  11 oozes
  2 dart slugs
  15 leopard geckos
  15 orcs
  14 giant cockroaches
  19 goblins
  15 hobgoblins
  2 jackals
  2 quokkas
  9 ball pythons (Sewer)
  3 bats
  17 frilled lizards (Sewer)
  2 jackal skeletons
  6 kobolds
  3 rats
225 creatures vanquished.

Vanquished Creatures (others)
  A worker ant (D:5)
  4 fungi (D:11)
  5 plants (D:11)
10 creatures vanquished.

Grand Total: 235 creatures vanquished

Notes
Turn   | Place    | Note
-------+----------+-------------------------------------------
     0 | D:1      | brucemayne the Hill Orc Monk began the quest for the Orb.
     0 | D:1      | Reached XP level 1. HP: 19/19 MP: 1/1
   225 | D:2      | Reached XP level 2. HP: 18/26 MP: 2/2
   350 | D:3      | Reached skill level 5 in Axes
   376 | D:3      | Noticed kae's ghost (amateur HEGl)
   420 | D:3      | Found a sacrificial altar of Ru.
   444 | D:3      | Reached XP level 3. HP: 13/31 MP: 3/3
   621 | D:4      | Reached skill level 6 in Axes
   673 | D:5      | Entered Level 5 of the Dungeon
   683 | D:5      | Reached XP level 4. HP: 18/39 MP: 4/4
   737 | D:5      | Found a glowing drain.
   765 | Sewer    | Entered a sewer
   840 | Sewer    | Reached skill level 7 in Axes
   906 | Sewer    | Reached XP level 5. HP: 23/45 MP: 5/5
  1021 | Sewer    | Reached skill level 8 in Axes
  1369 | Sewer    | Reached XP level 6. HP: 51/51 MP: 6/6
  1372 | Sewer    | Reached skill level 9 in Axes
  1503 | D:5      | Reached skill level 10 in Axes
  1503 | D:5      | Reached XP level 7. HP: 12/57 MP: 7/7
  1912 | D:4      | Reached skill level 11 in Axes
  1923 | D:4      | Got a coiled sapphire amulet
  1925 | D:4      | Identified the amulet of Entrepreneurial Spirit {Reflect rPois SH+3} (You found it on level 4 of the Dungeon)
  2280 | D:4      | Found a glowing golden altar of the Shining One.
  2355 | D:5      | Noticed a hungry ghost
  2492 | D:6      | Noticed Blork the orc
  2507 | D:6      | Killed Blork the orc
  2677 | D:5      | Reached XP level 8. HP: 52/66 MP: 8/8
  2898 | D:7      | Noticed Joseph
  2914 | D:7      | Killed Joseph
  2914 | D:7      | Reached skill level 5 in Fighting
  2914 | D:7      | Reached skill level 12 in Axes
  3321 | D:8      | Reached skill level 13 in Axes
  3329 | D:8      | Reached XP level 9. HP: 29/75 MP: 9/9
  3591 | D:7      | Reached skill level 14 in Axes
  3911 | D:6      | Noticed brucemayne's ghost (amateur HOMo)
  3943 | D:6      | Killed brucemayne's ghost
  4027 | D:5      | Found a stormy altar of Qazlal.
  4115 | D:5      | Found a staircase to the Ecumenical Temple.
  4124 | Temple   | Entered the Ecumenical Temple
  4247 | Temple   | Became a worshipper of Makhleb the Destroyer
  4247 | Temple   | Reached * piety under Makhleb
  4247 | Temple   | Reached ** piety under Makhleb
  4384 | D:5      | Found a stormy altar of Qazlal.
  4498 | D:7      | Reached skill level 15 in Axes
  4698 | D:9      | You fall through a shaft!
  4698 | D:10     | Entered Level 10 of the Dungeon
  4732 | D:10     | Noticed Fannar
  4768 | D:10     | Noticed a brown ugly thing
  4966 | D:11     | Reached skill level 16 in Axes
  5016 | D:11     | Reached XP level 10. HP: 27/83 MP: 10/10
  5098 | D:11     | Found a labyrinth entrance.
  5107 | Lab      | Entered a labyrinth
  5239 | Lab      | Noticed a minotaur
  5265 | Lab      | Killed a minotaur
  5265 | Lab      | Reached skill level 17 in Axes
  5494 | D:11     | Reached skill level 18 in Axes
  5527 | D:11     | Found a staircase to the Lair.
  5578 | D:10     | Killed from afar by Fannar

Vault maps used:
D:1:      dpeg_arrival_ternary
D:2:      uniq_jessica
D:3:      lemuel_doored_altar
D:4:      minmay_goblin_kobold_castle, kennysheep_mini_moat, first_bread
D:5:      nicolae_qazlal_eye_of_the_storm, portal_sewer_entry_f, basic_altar,
          st_stairs_2
D:6:      uniq_blork_the_orc
D:7:      the_bakery, uniq_joseph
D:9:      small_statue_intersection
D:10:     serial_shops, shop, special_room, grunt_decor_fettered, uniq_fannar
D:11:     minmay_lair_entry_grove, david_orc_5, lab_entry_generic, uniq_erolcha,
          uniq_harold
Temple:   dpeg_five_rooms_temple
Lab:      nicolae_lab_quarters, nicolae_lab_grate, nicolae_lab_swirl,
          labyrinth_skeletal_remains, nicolae_lab_statue
Sewer:    sewer_frog_island_02

Skill      XL: |  1  2  3  4  5  6  7  8  9 10 |
---------------+-------------------------------+-----
Axes           | 5 6 7 8 10 11 13 16 18 | 18.0
Fighting       | 6 |  6.0
Dodging        | |  2.4
Stealth        | |  1.5

Action                   |  1- 3 |  4- 6 |  7- 9 | 10-12 || total
-------------------------+-------+-------+-------+-------++-------
Melee: Hand axe          |    79 |   232 |   733 |   102 ||  1146
 Abil: Evoke Berserk Rag |     2 |     4 |     6 |     4 ||    16
Evoke: Wand              |       |       |     4 |     1 ||     5
  Use: Scroll            |       |     1 |    13 |     1 ||    15
       Potion            |       |     1 |     2 |       ||     3
 Stab: Sleeping          |     2 |       |       |       ||     2
       Invisible         |       |       |     3 |       ||     3
  Eat: Chunk             |     1 |     7 |     9 |     5 ||    22
       Beef jerky        |       |       |     2 |       ||     2
       Pizza             |       |       |     1 |       ||     1
       Bread ration      |       |       |     1 |       ||     1
Armor: Robe              |     6 |       |       |       ||     6
       Chain mail        |    33 |   160 |   225 |    32 ||   450
Dodge: Dodged            |    34 |    78 |   212 |    34 ||   358
Block: Other             |       |       |    35 |     1 ||    36
       Reflection        |       |       |     2 |       ||     2
